Map: Dédale EC

Players

defer - Winner!

  • Race: Protoss Protoss
  • League: Diamond
  • Spawn Location: 1:00

IA (élite)

  • Race: Terran Terran
  • Spawn Location: 7:00

VOD

Have the link to the VOD?

Description

Time

  • Played on: Sept. 11, 2018, 1:03 p.m.
  • Length: 2:58
Show
View Real Time Build Order
Export as new Build Order

defer Protoss - Winner!

Build Orders:  

Get SALT Encoding   

  12  0:00  Probe  
  13  0:12  Probe  
  14  0:17  Pylon  
  14  0:24  Probe  
  15  0:35  Gateway  
  15  0:40  Assimilator  
  15  0:44  Probe  
  16  0:56  Probe, Pylon  
  17  1:08  Probe  
  18  1:14  Gateway  
  18  1:22  Cybernetics Core  
  18  1:31  Zealot  
  20  1:34  Probe  
  21  1:46  Probe  
  22  1:48  Stalker  
  22  1:52  Stalker  
  22  1:58  Probe  
  27  2:12  Probe, Assimilator  
  28  2:22  Stalker  
  30  2:28  Probe  
  31  2:35  Pylon  
Show
View Real Time Build Order
Export as new Build Order

IA (élite) Terran 

Build Orders:  

Get SALT Encoding   

  12  0:00  SCV  
  13  0:13  SCV  
  14  0:18  Supply Depot  
  14  0:25  SCV  
  15  0:40  SCV  
  16  0:43  Barracks  
  16  0:52  SCV  
  18  1:04  SCV  
  18  1:10  Refinery  
  18  1:12  Supply Depot  
  18  1:16  SCV  
  19  1:28  SCV  
  20  1:33  Marine  
  21  1:43  Command Center  
  21  2:07  Barracks  
  21  2:09  SCV  
  21  2:13  Marine  
  21  2:15  Factory  
  23  2:21  SCV  
  24  2:26  Supply Depot  
  24  2:31  Marine  
  24  2:33  SCV  
  24  2:46  SCV  
Tags
 
League
Diamond
Matchup
PvT
Spawn Locations
Cross Positions
Add a new tag
Caveats
  • Supply blocks, unpowered buildings, or Contaminate may cause inaccurate times.
  • Supply counts are checked every 10 seconds.